 Dungeon Crawl Stone Soup version 0.29.1-2-gbd0b4ee654 (webtiles) character file.

Game seed: 7285403290959461647

22378 croobank the Nimble (level 12, -14/58 HPs)
             Began as a Felid Summoner on Oct 23, 2022.
             Was an Initiate of Gozag.
             Killed from afar by Nikola (28 damage)
             ... with an arc of chain lightning
             ... on level 13 of the Dungeon.
             The game lasted 01:29:45 (19109 turns).

croobank the Nimble (Felid Summoner)               Turns: 19109, Time: 01:29:45

Health: -14/58     AC:  5    Str:  4    XL:     12   Next: 62%
Magic:  22/26      EV: 26    Int: 27    God:    Gozag
Gold:   352        SH:  0    Dex: 17    Spells: 6/30 levels left
                                        Lives:  0   Deaths: 3

rFire   . . .      SeeInvis +   (weapon unavailable)
rCold   + . .      Faith    .   (shield unavailable)
rNeg    . . .      Spirit   .   (body armour unavailable)
rPois   .          Reflect  .   (helmet unavailable)
rElec   .          Harm     .   (cloak unavailable)
rCorr   .          Rampage  .   (gloves unavailable)
Will    ++...                   (boots unavailable)
Stlth   ++........              d - amulet of regeneration
HPRegen 0.99/turn               c - +6 ring of intelligence
MPRegen 0.20/turn               n - ring of willpower

@: mighty, brilliant, gold aura, very slightly contaminated, quick
A: very small, claws 1, fangs 3, see invisible, speed 1, shaggy fur 3, stealthy
paws, no weapons or thrown items, no armour, multi-lived, iridescent scales 1
a: Renounce Religion, Potion Petition, Call Merchant, Bribe Branch


You were on level 13 of the Dungeon.
You worshipped Gozag.
Gozag was aware of your devotion.
You visited 2 branches of the dungeon, and saw 14 of its levels.

You collected 2154 gold pieces.
You paid 1802 gold pieces to Gozag.

Inventory:

Jewellery
 c - a +6 ring of intelligence (left paw)
 d - an amulet of regeneration (around neck)
 f - a +4 ring of protection
 n - a ring of willpower (right paw)
 p - a ring of ice
 B - a +4 ring of protection
 C - an amulet of guardian spirit
Wands
 g - a wand of flame (24)
 r - a wand of paralysis (15)
 s - a wand of polymorph (12)
 z - a wand of iceblast (6)
Scrolls
 h - a scroll of noise
 k - 2 scrolls of poison
 l - 3 scrolls of fog
 o - a scroll of magic mapping
 w - a scroll of vulnerability
 x - 2 scrolls of torment
 y - 3 scrolls of enchant weapon {unknown}
Potions
 a - a potion of magic
 b - 4 potions of might
 e - 10 potions of curing
 i - 4 potions of haste
 j - a potion of ambrosia
 m - 2 potions of flight
 q - 2 potions of mutation
 t - 3 potions of lignification
 u - a potion of attraction
 v - 2 potions of berserk rage {unknown}


   Skills:
 + Level 10.2 Fighting
 + Level 13.5 Dodging
 - Level 3.0 Stealth
 + Level 9.8 Spellcasting
 - Level 5.0 Hexes
 + Level 11.1 Summonings
 - Level 3.0 Translocations
 - Level 7.0 Air Magic


You had 6 spell levels left.
You knew the following spells:

 Your Spells              Type           Power      Damage    Failure   Level
a - Summon Small Mammal   Summ           100%       N/A       1%          1
b - Call Imp              Summ           84%        N/A       1%          2
c - Call Canine Familiar  Summ           84%        N/A       1%          3
d - Summon Guardian Gole  Hex/Summ       71%        N/A       1%          3
e - Summon Lightning Spi  Summ/Air       76%        N/A       1%          4
f - Summon Mana Viper     Hex/Summ       71%        N/A       4%          5
g - Summon Forest         Summ/Tloc      33%        N/A       7%          5
h - Apportation           Tloc           88%        N/A       1%          1

Your spell library contained the following spells:

 Spells                   Type           Power      Damage    Failure   Level
 Shock                    Conj/Air       100%       1d9       1%          1
 Slow                     Hex            100%       N/A       1%          1
 Blink                    Tloc           88%        N/A       1%          2
 Poisonous Vapours        Pois/Air       96%        N/A       1%          2
 Static Discharge         Conj/Air       48%        3-9/arc   1%          2
 Confusing Touch          Hex            57%        N/A       1%          3
 Swiftness                Air            66%        N/A       1%          3
 Tukima's Dance           Hex            57%        N/A       1%          3
 Ensorcelled Hibernation  Hex/Ice        80%        N/A       2%          2
 Airstrike                Air            33%        2d(5-21)  2%          4
 Gell's Gravitas          Tloc           44%        N/A       3%          3
 Lesser Beckoning         Tloc           44%        N/A       3%          3
 Teleport Other           Tloc           44%        N/A       3%          3
 Beastly Appendage        Tmut           38%        N/A       4%          1
 Summon Ice Beast         Ice/Summ       60%        N/A       4%          4
 Passwall                 Tmut/Erth      15%        N/A       7%          2
 Sublimation of Blood     Necr           19%        N/A       7%          2
 Wereblood                Tmut           19%        N/A       7%          2
 Spider Form              Tmut/Pois      19%        N/A       13%         3
 Vampiric Draining        Necr           19%        2d7       13%         3
 Lightning Bolt           Conj/Air       24%        1d39      28%         5
 Manifold Assault         Tloc           44%        N/A       34%         5
 Dispel Undead            Necr           19%        3d11      41%         4
 Blade Hands              Tmut           9%         N/A       77%         5
 Fireball                 Conj/Fire      9%         3d6       77%         5
 Iskenderun's Battlesphe  Conj           19%        2d7       77%         5
 Conjure Ball Lightning   Conj/Air       24%        3x3d7     85%         6
 Dispersal                Tloc           22%        N/A       89%         6
 Death Channel            Necr           9%         N/A       100%        6
 Monstrous Menagerie      Summ           42%        N/A       36%         7
 Summon Hydra             Summ           42%        N/A       36%         7
 Orb of Destruction       Conj           9%         9d6       100%        7
 Disjunction              Tloc           22%        N/A       100%        8
 Maxwell's Capacitive Co  Air            33%        ∞         100%        8
 Portal Projectile        Hex/Tloc       Unusable   N/A       N/A         3
 Corpse Rot               Necr/Pois/Air  Unusable   N/A       N/A         4

Dungeon Overview and Level Annotations

Branches:
Dungeon (13/15)            Temple (1/1) D:7            Lair (0/5) D:11
    Orc (0/2) D:11
 Vaults: D:13-14

Altars:
Ashenzari
Cheibriados
Dithmenos
Elyvilon
Fedhas
Gozag
Hepliaklqana
Kikubaaqudgha
Makhleb
Nemelex Xobeh
Okawaru
Qazlal
Ru
Sif Muna
Trog
Uskayaw
Vehumet
Wu Jian
Xom
Yredelemnul
Zin
The Shining One

Shops:
D:13 [

Portals:
Trove: D:12 (give 9 potions of haste)

Annotations:
D:8 2 transporters, Bronimir's ghost, novice MiMo
D:11 2 transporters, xian's ghost, journeyman SpEE
D:13 Nikola


Innate Abilities, Weirdness & Mutations

You have sharp claws.
You have razor-sharp teeth.
You have supernaturally acute eyesight. (SInv)
You cover ground quickly. (Speed+)
Your thick and shaggy fur keeps you warm. (AC +3, rC+)
Your paws help you pounce on unaware monsters.
You are incapable of wielding weapons or throwing items.
You cannot wear armour.
You gain extra lives every three experience levels.
You are partially covered in iridescent scales. (AC +2)


Message History

The tengu conjurer dies!
A bolt of lightning appears from out of thin air!
The bolt of lightning hits Nikola.
The bolt of lightning hits the nameless horror!!
The nameless horror is destroyed!
The bolt of lightning hits you!!
Ouch! That really hurt!
The bolt of lightning hits your mana viper!!!
You hear a shout! x3
You scratch Nikola.
Nikola is lightly wounded.
Nikola's magic is no longer disrupted.
Your mana viper bites Nikola!
Nikola's magic leaks into the air.
Nikola hits you with a +3 rapier of electrocution!
* * * LOW HITPOINT WARNING * * *
Okay, then.
Okay, then.
Okay, then.
Okay, then. [a] - 208 gold - might and brilliance [b] - 625 gold - lignification, might, resistance, heal wounds and curing [c] - 899 gold - haste, brilliance, lignification, might and resistance Purchase which effect?
You no longer have enough gold to petition Gozag for potion effects.
You feel very mighty all of a sudden.
You feel clever all of a sudden.
Your mana viper bites Nikola!
Nikola's magic leaks into the air.
Nikola falters for a moment.
You claw Nikola! Your bite misses Nikola.
Nikola is moderately wounded.
Your mana viper bites Nikola!
Nikola's magic leaks into the air.
Your mana viper bites Nikola.
Nikola's magic leaks into the air.
Nikola casts a spell.
Lightning arcs from Nikola's hands!
The bolt of lightning hits your mana viper!!!!
Your mana viper dies!
Your mana viper disappears in a puff of smoke!
A bolt of lightning appears from out of thin air!
The bolt of lightning hits Nikola!
The bolt of lightning hits you!!
You die...
Your body crumbles into a pile of gold.

.## $ ....O.. ..# ....e $
..### $ ... ....### ####+#
......### #####.$$.#
..#.....####8#8#.#####☼#
.####.....##.....## #§# .#
###...##..§@$.# ..☼ .#
##..##$...@## #N# .##
##.##'#8#8# #☼# ..##
##.##§#########○##### ..)###
#..##○#####8#8#°#8#8##
##...###..##Q..##...........##
##....#.###.8.#8............#
##)....###e..##........$$.##
##.....##...#8.N#8#'#8#..8#
###...##...##..###.### .##


You could see Nikola (magic disrupted).

Vanquished Creatures
  A tengu conjurer (D:13)
  A hound (D:5)
  A white imp (D:13)
  A giant cockroach (D:1)
  A goblin (D:2)
  3 quokkas
8 creatures vanquished.

Vanquished Creatures (collateral kills)
  Harold (D:10)
  Fannar (D:10)
  A two-headed ogre (D:13)
  3 skeletal warriors (D:12)
  2 wizards (D:13)
  A deep elf zephyrmancer (D:13)
  4 deep elf pyromancers (D:13)
  An ugly thing (D:11)
  4 cyclopes
  A moth of wrath (shapeshifter) (D:11)
  3 manticores
  Joseph (D:10)
  2 unseen horrors
  A gargoyle (D:13)
  6 kobold demonologists
  2 tengu conjurers (D:13)
  A tarantella (shapeshifter) (D:13)
  A meliai (D:13)
  Sigmund (D:6)
  2 vampires
  A wyvern (D:8)
  A basilisk (D:12)
  14 yaks
  A shadow (D:11)
  A wraith (D:13)
  2 wargs (D:11)
  2 water moccasins
  8 orc warriors
  A sky beast (D:6)
  A black bear (D:6)
  2 ogres (D:6)
  2 lemures (D:6)
  4 phantoms
  8 centaurs
  7 kobold brigands
  A necrophage (D:5)
  2 bullfrogs
  4 gnoll sergeants
  3 scorpions
  4 wights (D:8)
  7 killer bees
  4 howler monkeys
  A vampire bat (D:5)
  3 hounds
  8 orc priests
  A gnoll bouda (D:9)
  3 jellies
  4 iguanas
  6 orc wizards
  15 gnolls
  8 adders
  13 white imps
  2 ufetubi
  4 dart slugs
  33 orcs
  11 bats
  3 endoplasms
  3 giant cockroaches
  4 goblins
  3 hobgoblins
  4 quokkas
  5 ball pythons
  3 frilled lizards
  21 kobolds
  8 rats
285 creatures vanquished.

Vanquished Creatures (others)
  Snorg (D:10)
  A two-headed ogre (D:11)
  2 skeletal warriors (D:12)
  Pikel (D:7)
  A tengu conjurer (D:13)
  2 meliai (D:13)
  2 yaks
  Duvessa (D:7)
  A nameless horror (D:13)
  An ice beast (D:7)
  2 orc warriors
  A black bear (D:4)
  A centaur (D:6)
  A gnoll sergeant (D:8)
  9 wights (D:7)
  Dowan (D:7)
  4 killer bees (D:9)
  2 howler monkeys (D:9)
  A jelly (D:8)
  2 orc wizards
  7 gnolls
  35 plants
79 creatures vanquished.

Grand Total: 372 creatures vanquished

Notes
Turn   | Place    | Note
-------+----------+-------------------------------------------
     0 | D:1      | croobank the Felid Summoner began the quest for the Orb.
     0 | D:1      | Reached XP level 1. HP: 7/7 MP: 4/4
   107 | D:1      | You fall into a shaft and drop 1 floor!
   412 | D:1      | Reached skill level 3 in Dodging
   412 | D:1      | Reached XP level 2. HP: 11/11 MP: 3/6
   470 | D:1      | Learned a level 2 spell: Call Imp
  1315 | D:2      | Reached XP level 3. HP: 15/15 MP: 2/7
  1319 | D:2      | Learned a level 3 spell: Call Canine Familiar
  1826 | D:2      | Reached skill level 1 in Fighting
  2077 | D:3      | Found a shimmering altar of Xom.
  2251 | D:3      | Identified a scroll of acquirement
  2251 | D:3      | Acquired croobank's Folio of Coordinates and Mustering
  2404 | D:3      | Found a sacrificial altar of Ru.
  2887 | D:3      | Reached XP level 4. HP: 19/19 MP: 1/8
  3558 | D:4      | Found a snail-covered altar of Cheibriados.
  3572 | D:4      | Noticed a scorpion
  3579 | D:4      | Killed a scorpion
  3580 | D:4      | Reached skill level 4 in Dodging
  3580 | D:4      | Reached XP level 5. HP: 22/22 MP: 2/10
  3584 | D:4      | Learned a level 3 spell: Summon Guardian Golem
  3657 | D:4      | Noticed an ice beast
  3670 | D:4      | Slain by an ice beast
  3671 | D:4      | Reached XP level 4. HP: -4/19 MP: 9/9
  3744 | D:4      | Noticed a phantom
  3769 | D:4      | Killed a phantom
  3770 | D:4      | Reached skill level 1 in Hexes
  3770 | D:4      | Reached XP level 5. HP: 22/22 MP: 6/10
  4018 | D:4      | Noticed a black bear
  4037 | D:4      | Killed a black bear
  4038 | D:4      | Reached skill level 5 in Summonings
  4142 | D:4      | Gained mutation: You are covered in thick fur. (AC +2)
                  | [Felid growth]
  4142 | D:4      | Reached XP level 6. HP: 27/27 MP: 4/12
  4252 | D:4      | Reached skill level 5 in Dodging
  4528 | D:5      | Entered Level 5 of the Dungeon
  4791 | D:5      | Found a broken altar of Ashenzari.
  5063 | D:5      | Reached XP level 7. HP: 31/31 MP: 9/13
  5068 | D:5      | Learned a level 4 spell: Summon Lightning Spire
  5412 | D:5      | Killed from afar by an orc priest
  5413 | D:5      | Reached XP level 6. HP: -1/28 MP: 12/12
  6047 | D:5      | Found a hide-covered altar of Uskayaw.
  6135 | D:6      | Reached skill level 1 in Air Magic
  6135 | D:6      | Reached XP level 7. HP: 31/31 MP: 7/14
  6254 | D:6      | Reached skill level 6 in Dodging
  6285 | D:6      | Reached skill level 5 in Hexes
  6509 | D:6      | Noticed Sigmund
  6518 | D:6      | Killed Sigmund
  6519 | D:6      | Reached XP level 8. HP: 36/36 MP: 5/16
  7225 | D:6      | Reached skill level 7 in Dodging
  7496 | D:6      | Reached skill level 5 in Spellcasting
  7881 | D:7      | Found a staircase to the Ecumenical Temple.
  7891 | Temple   | Entered the Ecumenical Temple
  8023 | D:7      | Noticed Pikel
  8059 | D:7      | Killed Pikel
  8060 | D:7      | Reached skill level 5 in Fighting
  8060 | D:7      | Reached XP level 9. HP: 40/40 MP: 7/18
  8061 | D:7      | Noticed Dowan
  8083 | D:7      | Noticed Duvessa
  8109 | D:7      | Killed Duvessa
  8124 | D:7      | Killed Dowan
  8312 | D:7      | Reached skill level 8 in Dodging
  8641 | D:7      | Found a shimmering blue altar of Sif Muna.
  8969 | D:7      | Paralysed by a wight for 5 turns
  9825 | D:7      | Learned a level 5 spell: Summon Forest
  9827 | D:7      | Learned a level 1 spell: Apportation
  9932 | D:8      | Reached skill level 1 in Translocations
 10376 | D:8      | Reached XP level 10. HP: 45/45 MP: 8/20
 10470 | D:8      | Reached skill level 9 in Dodging
 10542 | D:8      | Found a blossoming altar of Fedhas.
 10542 | D:8      | Found a shadowy altar of Dithmenos.
 10666 | D:8      | Found a basalt altar of Yredelemnul.
 10776 | D:8      | Found an ornate altar of the Wu Jian Council.
 11048 | D:8      | Identified the amulet "Zacvim" {rF++ rN+ Regen+ Int-3}
 11078 | D:8      | Found a transporter.
 11145 | D:8      | Noticed Bronimir's ghost (novice MiMo)
 11168 | D:8      | Found a transporter.
 11272 | D:9      | Noticed a manticore
 11287 | D:9      | Killed a manticore
 11288 | D:9      | Reached skill level 5 in Air Magic
 11893 | D:9      | Found a radiant altar of Vehumet.
 12380 | D:9      | Found an opulent altar of Gozag.
 12384 | D:9      | Became a worshipper of Gozag Ym Sagoz the Greedy
 12518 | D:9      | Found an iron altar of Okawaru.
 13017 | D:9      | Found a glowing silver altar of Zin.
 13017 | D:9      | Found a hazy altar of Hepliaklqana.
 13231 | D:10     | Entered Level 10 of the Dungeon
 13379 | D:10     | Noticed Harold
 13416 | D:10     | Killed Harold
 13417 | D:10     | Reached skill level 10 in Dodging
 13632 | D:10     | Found a glowing golden altar of the Shining One.
 13636 | D:10     | Noticed Fannar
 13652 | D:10     | Noticed Snorg
 13867 | D:10     | Noticed Joseph
 13873 | D:10     | Killed Joseph
 13874 | D:10     | Reached XP level 11. HP: 50/50 MP: 16/23
 13896 | D:10     | Killed Snorg
 13898 | D:10     | Engulfed by their own flame
 13899 | D:10     | Reached XP level 10. HP: -11/47 MP: 9/22
 13956 | D:10     | Gained mutation: You are partially covered in iridescent
                  | scales. (AC +2) [potion of mutation]
 14452 | D:11     | Noticed an orange demon
 14501 | D:11     | Noticed a cane toad
 14509 | D:11     | a cane toad changed into a culicivora
 14641 | D:10     | Killed Fannar
 14775 | D:11     | Noticed a cyclops
 14779 | D:11     | Killed a cyclops
 14818 | D:11     | Noticed a cyclops
 14846 | D:11     | Noticed a brown ugly thing
 14863 | D:11     | Noticed a moth of wrath
 14863 | D:11     | a wind drake changed into a moth of wrath
 14880 | D:11     | Killed a moth of wrath
 14881 | D:11     | Reached skill level 11 in Dodging
 14988 | D:11     | Noticed xian's ghost (journeyman SpEE)
 14992 | D:11     | Noticed a two-headed ogre
 14992 | D:11     | Noticed a six-headed hydra
 14995 | D:11     | Noticed a sphinx
 15025 | D:11     | Noticed a white ugly thing
 15041 | D:11     | Killed a white ugly thing
 15161 | D:11     | Found a transporter.
 15359 | D:11     | Reached XP level 11. HP: 38/51 MP: 20/24
 15421 | D:11     | Found a staircase to the Lair.
 15485 | D:11     | Noticed a two-headed ogre
 15502 | D:11     | Killed a two-headed ogre
 15978 | D:11     | Found a transporter.
 15993 | D:11     | Found a staircase to the Orcish Mines.
 16496 | D:12     | Noticed a skeletal warrior
 16496 | D:12     | Noticed a skeletal warrior
 16496 | D:12     | Noticed a skeletal warrior
 16496 | D:12     | Noticed a skeletal warrior
 16496 | D:12     | Noticed a skeletal warrior
 16556 | D:12     | Killed a skeletal warrior
 16569 | D:12     | Killed a skeletal warrior
 16808 | D:12     | Killed a skeletal warrior
 16809 | D:12     | Reached skill level 12 in Dodging
 16809 | D:12     | Reached skill level 10 in Summonings
 16869 | D:12     | Killed a skeletal warrior
 16968 | D:12     | Killed a skeletal warrior
 17143 | D:12     | Found a portal to a secret trove of treasure.
 17329 | D:12     | Learned a level 5 spell: Summon Mana Viper
 17741 | D:13     | Found Keaxuost's Antique Armour Shoppe.
 17753 | D:13     | Gained mutation: Your thick and shaggy fur keeps you warm.
                  | (AC +3, rC+) [Felid growth]
 17753 | D:13     | Reached XP level 12. HP: 14/57 MP: 19/26
 18345 | D:13     | Found a frozen archway.
 18383 | D:13     | Noticed a two-headed ogre
 18390 | D:13     | Killed a two-headed ogre
 18705 | D:13     | Reached skill level 13 in Dodging
 18815 | D:13     | Reached skill level 10 in Fighting
 19016 | D:13     | Noticed a salamander tyrant
 19068 | D:13     | Found a radiant altar of Vehumet.
 19068 | D:13     | Noticed an ogre mage
 19099 | D:13     | Noticed Nikola
 19109 | D:13     | Killed from afar by Nikola

Illustrated notes

Levels and vault maps discovered:
D:1:      dpeg_arrival_concentric_ovals, layout_loops_ring,
          hangedman_decor_peaks_small, st_stairs_4
D:2:      layout_loops_cross, kennysheep_cross_bottleneck
D:3:      layout_loops_cross, mainiacjoe_overflow_24_doors,
          amcnicky_altar_gilded, eino_curves_04
D:4:      layout_cave_pods, kennysheep_slug_shrine
D:5:      layout_gridville, nicolae_uskayaw_suspiria,
          cheibrodos_ashenzari_chains, roderic_batcave
D:6:      layout_gridville, kennysheep_generic_room_13, uniq_sigmund
D:7:      layout_basic, kennysheep_orc_sif_temple, temple_statues,
          serial_aquarium, aquarium_bridge_square [aquarium_subvault_bridge,
          aquarium_subvault_wall, aquarium_subvault_wall,
          aquarium_subvault_bridge], aquarium_window_fake,
          aquarium_window_corridor_2, aquarium_view_2d, aquarium_view_2e,
          aquarium_balcony_3b, aquarium_pool_2, hangedman_decor_slide_cut,
          uniq_pikel, uniq_duvessa
D:8:      layout_rooms, nicolae_overflow_hidden_temple,
          overflow_temple_1_default, gammafunk_ghost_gnarly_gnolls,
          dk_noncrumbling_2, grunt_decor_fettered
D:9:      layout_roguey, nicolae_overflow_crystal_walls,
          mainiacjoe_overflow_chevrons, nicolae_vehumet_altar_sigil,
          nicolae_overflow_two_pavilions
D:10:     layout_stronghold, tso_metal_star, nrook_campfire,
          serial_bayou_lagoon_a, uniq_harold, uniq_fannar, uniq_joseph,
          uniq_snorg
D:11:     layout_cave_pools, erik_lair_orcish_takeover, orc_0_dummy,
          gammafunk_ghost_arena, skrybe_limestone_x
D:12:     layout_irregular_city, nicolae_trove_entry_diagonal
D:13:     evilmike_halls_of_destruction, layout_layer_cave, special_room
          [special_room_orc], serial_shops, shop_fountains,
          portal_ice_cave_entry_imps
Temple:   hellmonk_temple_beads

Skill      XL: |  1  2  3  4  5  6  7  8  9 10 11 12 |
---------------+-------------------------------------+-----
Stealth        | 3 |  3.0
Dodging        | 3 4 5 6 7 8 11 12 13 | 13.5
Fighting       | 1 2 3 4 5 6 8 9 10 | 10.2
Spellcasting   | 3 4 5 6 8 9 |  9.8
Hexes          | 1 2 4 5 |  5.0
Summonings     | 5 6 7 9 10 11 | 11.1
Air Magic      | 1 2 3 4 6 7 |  7.0
Translocations | 1 3 |  3.0

Action                   |  1- 3 |  4- 6 |  7- 9 | 10-12 || total
-------------------------+-------+-------+-------+-------++-------
Melee: Unarmed           |     7 |    10 |    11 |    32 ||    60
       Bite              |     1 |     1 |     1 |     3 ||     6
 Cast: Summon Small Mamm |    77 |    44 |    51 |    48 ||   220
       Call Imp          |    17 |    14 |     9 |     7 ||    47
       Call Canine Famil |     4 |    18 |    26 |    35 ||    83
       Summon Guardian G |       |     5 |    29 |    38 ||    72
       Summon Lightning  |       |       |     5 |    96 ||   101
       Summon Forest     |       |       |       |     1 ||     1
       Summon Mana Viper |       |       |       |    10 ||    10
Invok: Potion Petition   |       |       |       |     3 ||     3
Evoke: Wand              |       |       |     2 |     8 ||    10
  Use: Scroll            |     3 |    10 |     2 |     9 ||    24
       Potion            |       |     1 |       |     8 ||     9
 Stab: Sleeping          |       |     1 |       |     1 ||     2
       Betrayed ally     |       |       |     1 |       ||     1
       Distracted        |       |       |       |     1 ||     1
Armor: Skin              |     1 |     7 |     6 |    18 ||    32
Dodge: Dodged            |    20 |    48 |    40 |   144 ||   252
